 Dungeon Crawl Stone Soup version 0.22.1-2-g9c5b331383 (webtiles) character file.

59 Knicklaso the Magician (level 3, -4/26 HPs)
             Began as a Demonspawn Wizard on Nov 25, 2018.
             Was an Initiate of Qazlal.
             Slain by an orc
             ... wielding a +0 war axe
              (10 damage)
             ... on level 2 of the Dungeon.
             The game lasted 00:07:20 (2004 turns).

Knicklaso the Magician (Demonspawn Wizard)          Turns: 2004, Time: 00:07:20

Health: -4/26      AC:  2    Str:  7    XL:     3   Next: 78%
Magic:  6/7        EV: 12    Int: 20    God:    Qazlal [......]
Gold:   73         SH:  0    Dex: 11    Spells: 4/8 levels left

rFire    . . .     SeeInvis .     - Unarmed
rCold    . . .     Gourm    .   (no shield)
rNeg     . . .     Faith    .   h - +0 robe
rPois    .         Spirit   .   f - +0 hat
rElec    .         Reflect  .   (no cloak)
rCorr    .         Harm     .   (no gloves)
MR       .....                  (no boots)
Stlth    ++........             (no amulet)
HPRegen  0.08/turn              a - ring of flight
MPRegen  0.10/turn              (no ring)

@: no status effects
A: claws 1
a: Renounce Religion, Evoke Flight


You were on level 2 of the Dungeon.
You worshipped Qazlal.
Qazlal was noncommittal.
You were not hungry.

You visited 1 branch of the dungeon, and saw 3 of its levels.

You collected 73 gold pieces.

Inventory:

Armour
 f - a +0 hat (worn)
 h - a +0 robe (worn)
Jewellery
 a - a ring of flight (left claw)
 j - an uncursed amulet of rage {unknown}
Scrolls
 b - a scroll of enchant weapon {unknown}
 c - a scroll of magic mapping {unknown}
 g - 4 scrolls of identify {unknown}
Potions
 e - 2 potions of heal wounds {unknown}
 i - a potion of haste {unknown}
Comestibles
 d - 3 rations
 k - 4 chunks of flesh


   Skills:
 + Level 1.3 Fighting
 + Level 1.7 Dodging
 - Level 1.7 Stealth
 * Level 1.4 Unarmed Combat
 + Level 3.3 Spellcasting
 * Level 2.0 Conjurations
   Level 1.0 Summonings
   Level 0.8 Translocations
 * Level 0.0 Air Magic
 * Level 0.2 Poison Magic
 + Level 0.0 Invocations


You had 4 spell levels left.
You knew the following spells:

 Your Spells              Type           Power        Failure   Level  Hunger
a - Magic Dart            Conj           ##..         6%          1    None
b - Mephitic Cloud        Conj/Pois/Air  #.......     30%         3    ###....

Your spell library contained the following spells:

 Spells                   Type           Power        Failure   Level  Hunger
 Blink                    Tloc           N/A          14%         2    ##.....
 Call Imp                 Summ           #.......     14%         2    ##.....
 Slow                     Hex            #.......     21%         2    ##.....
 Conjure Flame            Conj/Fire      #.......     26%         3    ###....


Dungeon Overview and Level Annotations

Branches:
Dungeon (3/15)

Altars:
Qazlal


Innate Abilities, Weirdness & Mutations

You have sharp fingernails.


Message History

There is a stone staircase leading down here.
Welcome back, Knicklaso the Demonspawn Wizard.
Qazlal says: Let the forces of nature tear it all down!
Press ? for a list of commands and other information.
You start resting.
Magic restored.
You start resting.
HP restored.
You climb downwards.
The orc hits you with a war axe!
There is a stone staircase leading up, spattered with blood here.
The orc hits you with a war axe!
* * * LOW HITPOINT WARNING * * *
You climb upwards.
There is a stone staircase leading down here.
Cast which spell? (? or * to list)
Aiming: Magic Dart (safe; 6% risk of failure)
Press: ? - help, Shift-Dir - straight line, f - orc
Aim: an orc, wielding a war axe and wearing a chain mail The magic dart hits the orc.
The orc hits you with a war axe!
You die...

###.#
##....######
..#.#
#........)#
#.#.#
##........#
#.#.#
#...>....#
#.#.#
#........#
#.#.#
#......).#
#.#.#
##.......#
#.#.#
#.o######
#.#.# #.@#
#.#.# ##[#
#.#.# #.#
#.#.# #.#
#.#.#######
#)#
#.#.......#
#.#
#.......#.#
#.#
#######.#.#
#.# ....#
#.#.# #.#


You could see an orc.

Vanquished Creatures
  3 adders (D:2)
  2 leopard geckos (D:1)
  2 orcs
  2 ball pythons
  A giant cockroach (D:3)
  3 goblins
  A hobgoblin (D:1)
  5 kobolds
  5 bats
  3 frilled lizards
  3 rats
30 creatures vanquished.

Notes
Turn   | Place    | Note
-------+----------+-------------------------------------------
     0 | D:1      | Knicklaso the Demonspawn Wizard began the quest for the
                  | Orb.
     0 | D:1      | Reached XP level 1. HP: 13/13 MP: 4/4
   459 | D:1      | Gained mutation: You have sharp fingernails. [demonic
                  | ancestry]
   459 | D:1      | Reached XP level 2. HP: 20/20 MP: 3/6
  1162 | D:2      | Reached skill level 1 in Fighting
  1238 | D:2      | Reached XP level 3. HP: 26/26 MP: 2/7
  1292 | D:2      | Reached skill level 1 in Unarmed Combat
  1427 | D:2      | Found a stormy altar of Qazlal.
  1428 | D:2      | Noticed a fire elemental
  1430 | D:2      | Noticed an air elemental
  1430 | D:2      | Noticed a water elemental
  1430 | D:2      | Noticed an earth elemental
  1456 | D:2      | Became a worshipper of Qazlal Stormbringer
  1482 | D:2      | Learned a level 3 spell: Mephitic Cloud
  2004 | D:2      | Slain by an orc

Skill      XL: |  1  2  3 |
---------------+----------+-----
Fighting       | 1 |  1.3
Unarmed Combat | 1 |  1.4
Conjurations   | 2 |  2.0
Dodging        | |  1.7
Stealth        | |  1.7
Spellcasting   | |  3.3
Summonings     | |  1.0
Translocations | |  0.8
Poison Magic   | |  0.2

Action                   || total
-------------------------++-------
Melee: Whip              ||     4
       Unarmed           ||    13
 Fire: Hunting sling     ||     9
 Cast: Magic Dart        ||    68
  Eat: Chunk             ||     3
Armor: Robe              ||     6
Dodge: Dodged            ||    26
